 Dungeon Crawl Stone Soup version 0.26-a0-597-gb535b0901c (webtiles) character file.

Game seed: 1523434366302721597

30941 ANON1729 the Party-goer (level 13, -3/98 HPs)
             Began as a Demonspawn Wanderer on Aug 25, 2020.
             Was a High Priest of Uskayaw.
             Killed from afar by an ogre mage (48 damage)
             ... with a crystal spear
             ... on level 12 of the Dungeon.
             The game lasted 00:46:40 (17986 turns).

ANON1729 the Party-goer (Demonspawn Wanderer)      Turns: 17986, Time: 00:46:40

Health: -3/98      AC: 12    Str: 16    XL:     13   Next: 23%
Magic:  0/20       EV: 17    Int: 14    God:    Uskayaw [*****.]
Gold:   1087       SH:  0    Dex: 16    Spells: 15/17 levels left

rFire    . . .     SeeInvis .   K - +2 dagger (drain)
rCold    . . .     Faith    .   (no shield)
rNeg     . . .     Spirit   +   b - +2 leather armour
rPois    .         Reflect  .   (no helmet)
rElec    .         Harm     .   q - +0 cloak
rCorr    .                      (no gloves)
MR       .....                  C - +0 pair of boots {rampage}
Stlth    +++++.....             I - amulet of guardian spirit
HPRegen  0.26/turn              B - +4 ring of protection
MPRegen  0.17/turn              f - ring of stealth

@: lethally poisoned (-3 -> -8)
A: claws 2, foul stench 1, powered by death 1, rot immunity, big brain 1
a: Stomp, Line Pass, Grand Finale, Renounce Religion


You were on level 12 of the Dungeon.
You worshipped Uskayaw.
Uskayaw was aware of your devotion.
You visited 2 branches of the dungeon, and saw 14 of its levels.
You also visited: Ossuary and Bailey.

You collected 1087 gold pieces.

Inventory:

Hand Weapons
 E - a +1 dagger of freezing
 J - a +1 hand axe of electrocution
 K - a +2 dagger of draining (weapon)
Missiles
 y - 27 poisoned darts (quivered)
Armour
 b - a +2 leather armour (worn)
 q - a +0 cloak (worn)
 w - a scarf of harm
 C - a +0 pair of boots of rampaging (worn)
Jewellery
 c - an uncursed ring of wizardry
 f - a ring of stealth (right claw)
 r - an uncursed ring of protection from fire
 B - a +4 ring of protection (left claw)
 I - an amulet of guardian spirit (around neck)
 M - an uncursed amulet of the acrobat {unknown}
 N - an uncursed ring of positive energy {unknown}
 O - an uncursed ring of see invisible {unknown}
 S - an uncursed ring of stealth
Wands
 n - a wand of digging (12)
 L - a wand of flame (5)
 R - a wand of random effects (12)
Scrolls
 a - 4 scrolls of identify
 e - 7 scrolls of amnesia
 j - 5 scrolls of remove curse
 k - 3 scrolls of enchant armour
 l - 4 scrolls of enchant weapon
 m - 3 scrolls of magic mapping
 s - 3 scrolls of teleportation
 z - 2 scrolls of blinking {unknown}
 A - a scroll of random uselessness {unknown}
 F - 2 scrolls of fog
 G - 3 scrolls of torment {unknown}
 H - a scroll of fear
 Q - 2 scrolls of immolation {unknown}
 T - a scroll of noise {unknown}
Potions
 d - a potion of mutation
 g - 13 potions of curing
 h - a potion of heal wounds
 i - 2 potions of invisibility
 o - 2 potions of resistance
 p - 2 potions of berserk rage
 t - 3 potions of magic
 u - a potion of lignification
 x - 2 potions of stabbing
 P - 2 potions of brilliance
 U - a potion of might {unknown}
Miscellaneous
 v - a condenser vane (inert)


   Skills:
 + Level 8.2 Fighting
 + Level 10.4 Short Blades
 - Level 1.5(2.0) Axes
   Level 1.7(2.1) Polearms
 - Level 1.0 Throwing
 + Level 7.0 Armour
 + Level 7.8 Dodging
 + Level 7.6 Stealth
 + Level 2.8 Spellcasting
 + Level 4.2 Transmutations
 * Level 10.4 Invocations
 + Level 5.6 Evocations


You had 15 spell levels left.
You knew the following spells:

 Your Spells              Type           Power        Failure   Level
a - Wereblood             Tmut           ##......     7%          2

Your spell library contained the following spells:

 Spells                   Type           Power        Failure   Level
 Beastly Appendage        Tmut           ##....       4%          1
 Sting                    Tmut/Pois      #...         11%         1
 Corona                   Hex            #......      26%         1
 Summon Small Mammal      Summ           #...         26%         1
 Spider Form              Tmut/Pois      #.........   32%         3
 Call Imp                 Summ           #.......     36%         2
 Ensorcelled Hibernation  Hex/Ice        #.....       36%         2
 Poisonous Vapours        Pois/Air       #.....       36%         2
 Ignite Poison            Fire/Tmut/Pois #.......     41%         3
 Call Canine Familiar     Summ           #.......     61%         3
 Confusing Touch          Hex            #.......     61%         3
 Dazzling Flash           Conj/Hex       #.....       61%         3
 Mephitic Cloud           Conj/Pois/Air  #.......     61%         3
 Summon Guardian Golem    Hex/Summ       #.......     61%         3
 Tukima's Dance           Hex            #.......     61%         3
 Ice Form                 Ice/Tmut       #.......     73%         4
 Blade Hands              Tmut           ##........   77%         5
 Olgreb's Toxic Radiance  Pois           #.......     95%         4
 Summon Ice Beast         Ice/Summ       #.......     95%         4
 Summon Lightning Spire   Summ/Air       #.......     95%         4


Dungeon Overview and Level Annotations

Branches:
Dungeon (13/15)            Temple (1/1) D:6            Lair (0/6) D:10
    Orc (0/2) D:9          Vaults (0/5) D:13        Ossuary (visited)
 Bailey (visited)

Altars:
Ashenzari
Cheibriados
Dithmenos
Fedhas
Kikubaaqudgha
Nemelex Xobeh
Okawaru
Qazlal
Sif Muna
Trog
Uskayaw
Vehumet
Wu Jian
Yredelemnul
Zin
The Shining One


Innate Abilities, Weirdness & Mutations

You have very sharp fingernails.
You may emit foul miasma when damaged in melee.
You regenerate a little health from kills.
You are immune to rotting.
You have an unusually large brain. (Int +2)


Message History

You feel sick.
The meliai calls down the wrath of its god upon you.
Something smites you! The ogre mage barely misses you.
The meliai invokes the aid of its god against you.
Something smites you!
You hit the ogre mage.
The ogre mage is lightly wounded.
You feel sick.
The ogre mage hits you but does no damage.
The ogre mage looks sick.
You hit the ogre mage but do no damage. You drain the ogre mage.
The ogre mage is lightly wounded.
You hit the ogre mage.
The ogre mage is lightly wounded.
You feel sick. The ogre mage hits you.
* * * LOW HITPOINT WARNING * * *
You feel much better. The ogre mage casts a spell at you.
The crystal spear hits you!!!
You die...

#####
#########################....
.............................
#........#..@O##.........###.
.........#...#J####...#### #.
.............##yz.#####.. ##.
..............#)[.......z #..
###....###...#..#...y.#. #..
####..#.#.##..##..#####..##..
# ........#.##...#..# #... #.
........#.##...#..# #...
#.########.#......#..# #...


You could see an ogre mage (sick, drained), a meliai, a jelly and a wight.

Vanquished Creatures
  Jorgrun (D:13)
  3 vault guards (D:13)
  A hydra (D:13)
  2 two-headed ogres
  2 unseen horrors
  A harpy (D:12)
  3 ugly things
  A cyclops (D:13)
  A deep elf mage (D:13)
  3 manticores
  An elephant (D:10)
  Joseph (D:9)
  A yaktaur (D:13)
  A komodo dragon (D:12)
  A troll (D:13)
  Prince Ribbit (D:5)
  A hornet (D:13)
  5 slime creatures (D:12)
  8 hippogriffs
  A wraith (D:11)
  3 wyverns
  7 humans (D:13)
  An acid dragon (D:12)
  A soldier ant (D:11)
  3 ice beasts
  11 orc warriors
  A sky beast (D:6)
  A black bear (D:10)
  A necrophage (D:8)
  2 ogres
  3 centaurs
  5 phantoms
  2 crocodiles (D:10)
  An elf zombie (Ossuary)
  8 bullfrogs
  5 scorpions
  6 killer bees (D:12)
  6 wights
  6 howler monkeys
  2 jellies (D:9)
  5 centaur zombies
  2 quasits
  2 bullfrog zombies (D:8)
  A human zombie (Ossuary)
  11 orc wizards
  10 orc priests
  2 hounds
  A bullfrog skeleton (D:10)
  A centaur skeleton (D:7)
  3 iguanas
  12 worker ants
  2 killer bee zombies
  A big kobold zombie (Ossuary)
  A hound zombie (D:10)
  3 mummies
  A howler monkey zombie (D:8)
  9 gnolls
  7 adders
  6 white imps
  2 oozes (D:1)
  An adder skeleton (D:8)
  4 adder zombies
  A dart slug (D:4)
  5 leopard geckos
  37 orcs
  7 giant cockroaches
  8 goblins
  6 hobgoblins
  2 jackals (D:1)
  3 quokkas
  A ball python (D:4)
  5 bats
  3 frilled lizards (D:3)
  A goblin zombie (Ossuary)
  12 hobgoblin zombies
  20 kobolds
  7 kobold zombies
  A leopard gecko skeleton (D:9)
  A leopard gecko zombie (D:6)
  11 orc zombies
  2 quokka skeletons
  2 rats
  A rat zombie (Ossuary)
337 creatures vanquished.

Vanquished Creatures (others)
  A wizard (D:4)
  2 humans (D:13)
  An adder zombie (D:7)
  A hobgoblin (D:3)
  4 withered plants (D:8)
9 creatures vanquished.

Grand Total: 346 creatures vanquished

Notes
Turn   | Place    | Note
-------+----------+-------------------------------------------
     0 | D:1      | ANON1729 the Demonspawn Wanderer began the quest for the
                  | Orb.
     0 | D:1      | ANON1729 set off with the following items: a +0 spear, a +2
                  | leather armour, a potion of lignification, a +0 dagger
     0 | D:1      | Reached XP level 1. HP: 16/16 MP: 1/1
   283 | D:1      | Gained mutation: You regenerate a little health from kills.
                  | [demonic ancestry]
   283 | D:1      | Reached XP level 2. HP: 23/23 MP: 2/2
   888 | D:2      | Reached XP level 3. HP: 28/28 MP: 3/3
   893 | D:2      | Reached skill level 1 in Armour
  1207 | D:2      | Gained mutation: You have sharp fingernails. [demonic
                  | ancestry]
  1207 | D:2      | Reached XP level 4. HP: 35/35 MP: 4/4
  2184 | D:2      | Reached XP level 5. HP: 24/41 MP: 5/5
  2836 | D:4      | Reached skill level 1 in Short Blades
  2846 | D:4      | Gained mutation: You have an unusually large brain. (Int
                  | +2) [demonic ancestry]
  2846 | D:4      | Reached XP level 6. HP: 26/48 MP: 6/6
  3648 | D:4      | Found a bloodstained altar of Trog.
  3649 | D:4      | Noticed a wizard
  3654 | D:4      | Killed a wizard
  3700 | D:5      | Entered Level 5 of the Dungeon
  3825 | D:5      | Noticed Prince Ribbit
  4139 | D:5      | Found a sand-covered staircase.
  4149 | Ossuary  | Entered an ossuary
  4535 | Ossuary  | Reached XP level 7. HP: 25/54 MP: 7/7
  5213 | Ossuary  | HP: 2/55 [centaur zombie (7)]
  5700 | D:5      | Killed Prince Ribbit
  5862 | D:5      | Reached XP level 8. HP: 30/61 MP: 8/8
  6154 | D:5      | Reached skill level 5 in Fighting
  6245 | D:5      | Found a snail-covered altar of Cheibriados.
  6363 | D:6      | Reached skill level 5 in Dodging
  6662 | D:6      | Found a shattered altar of Ashenzari.
  6691 | D:6      | Noticed a hippogriff
  6737 | D:6      | Killed a hippogriff
  7070 | D:6      | Found a shimmering blue altar of Sif Muna.
  7103 | D:6      | Found a staircase to the Ecumenical Temple.
  8523 | Temple   | Entered the Ecumenical Temple
  8597 | Temple   | Became a worshipper of Uskayaw the Reveler
  8782 | D:7      | Reached * piety under Uskayaw
  8789 | D:7      | Reached ** piety under Uskayaw
  8791 | D:7      | Reached skill level 5 in Stealth
  9005 | D:7      | Reached skill level 1 in Invocations
  9005 | D:7      | Reached XP level 9. HP: 64/69 MP: 9/9
  9662 | D:7      | Found an ancient bone altar of Kikubaaqudgha.
 10306 | D:7      | Reached skill level 1 in Evocations
 10869 | D:8      | Noticed a two-headed ogre
 11322 | D:7      | Reached *** piety under Uskayaw
 11509 | D:8      | Reached **** piety under Uskayaw
 11510 | D:8      | Killed a two-headed ogre
 11510 | D:8      | Reached skill level 5 in Armour
 12032 | D:8      | Reached skill level 5 in Invocations
 12045 | D:8      | Found a blossoming altar of Fedhas.
 12434 | D:9      | Reached skill level 1 in Axes
 12434 | D:9      | Reached XP level 10. HP: 29/76 MP: 7/14
 12439 | D:9      | Reached skill level 5 in Short Blades
 12528 | D:9      | Found a flagged portal.
 12667 | Bailey   | Entered a bailey
 12934 | Bailey   | Learned a level 2 spell: Wereblood
 13023 | Bailey   | Reached ***** piety under Uskayaw
 13194 | D:9      | Found a shadowy altar of Dithmenos.
 13314 | D:9      | Found a glowing silver altar of Zin.
 13336 | D:9      | Noticed Joseph
 13345 | D:9      | Killed Joseph
 13345 | D:9      | Reached skill level 1 in Transmutations
 13352 | D:9      | Found a staircase to the Orcish Mines.
 13553 | D:9      | Noticed a brown ugly thing
 13607 | D:9      | Killed a brown ugly thing
 13994 | D:10     | Entered Level 10 of the Dungeon
 14253 | D:10     | Found a staircase to the Lair.
 14253 | D:10     | Noticed an elephant
 14263 | D:10     | Killed an elephant
 14524 | D:10     | Gained mutation: You are immune to rotting. [demonic
                  | ancestry]
 14524 | D:10     | Reached XP level 11. HP: 83/83 MP: 16/16
 14815 | D:11     | Noticed a purple ugly thing
 14824 | D:11     | Killed a purple ugly thing
 15103 | D:11     | Killed an unseen horror
 15670 | D:11     | You fall into a shaft and drop 2 floors!
 15679 | D:13     | Paralysed by a hornet for 3 turns
 15687 | D:13     | Gained mutation: You have very sharp fingernails. [demonic
                  | ancestry]
 15687 | D:13     | Reached XP level 12. HP: 43/91 MP: 9/18
 15701 | D:13     | Reached skill level 10 in Short Blades
 15990 | D:13     | Noticed an eight-headed hydra
 16004 | D:13     | Killed an eight-headed hydra
 16004 | D:13     | Reached skill level 1 in Spellcasting
 16009 | D:13     | Noticed Jorgrun
 16023 | D:13     | Killed Jorgrun
 16432 | D:13     | Reached skill level 5 in Evocations
 16492 | D:13     | Noticed a vault guard
 16667 | D:13     | Noticed a vault guard
 16696 | D:13     | Killed a vault guard
 16698 | D:13     | Noticed a vault guard
 16702 | D:13     | Killed a vault guard
 16763 | D:13     | Killed a vault guard
 16763 | D:13     | Reached skill level 10 in Invocations
 17101 | D:13     | Found a gate to the Vaults.
 17157 | D:12     | Gained mutation: You may emit foul miasma when damaged in
                  | melee. [demonic ancestry]
 17157 | D:12     | Reached XP level 13. HP: 98/98 MP: 20/20
 17953 | D:12     | Identified the +4 long sword of the Eternal Warrior
                  | {vorpal, *Drain rElec MR+ Int+3}
 17986 | D:12     | Killed from afar by an ogre mage

Illustrated notes

Levels and vault maps discovered:
D:1:      scummos_arrival_gate, layout_loops_ring
D:2:      layout_basic, grunt_ministairs_6, corner_web_ring
D:3:      layout_rooms
D:4:      layout_loops_ring, trog_wizard
D:5:      layout_cave_pools, marbit_many_paths, enter_ossuary_2,
          minmay_mini_ossuary, uniq_prince_ribbit1
D:6:      layout_loops_ring, kennysheep_mini_moat,
          minmay_temple_entry_from_below_a, evilmike_ruin_ashenzari
D:7:      layout_loops_cross, basic_altar, nicolae_water_bricks
D:8:      layout_loops_ring, kennysheep_mini, serial_undead, serial_undead_c,
          serial_undead_a, serial_undead_f, serial_undead_c
D:9:      kennysheep_big_flooded_room, layout_basic, grunt_dithmenos_smoke,
          david_orc_2, enter_bailey_2, lemuel_altar_in_water, uniq_joseph
D:10:     layout_loops_cross, david_lair_generic
D:11:     layout_stronghold
D:12:     layout_stronghold, minmay_pinched_square
D:13:     layout_small_grid, ximxim_vaults_locker_room, uniq_jorgrun
Temple:   dpeg_five_rooms_temple

Skill      XL: |  1  2  3  4  5  6  7  8  9 10 11 12 13 |
---------------+----------------------------------------+-----
Dodging        | 3 4 5 6 7 |  7.8
Armour         | 1 2 3 4 5 6 7 |  7.0
Fighting       | 3 4 5 6 7 8 |  8.2
Stealth        | 2 3 5 6 7 |  7.6
Short Blades   | 1 2 3 4 5 9 10 | 10.4
Invocations    | 1 5 7 8 10 | 10.4
Evocations     | 2 4 5 |  5.6
Axes           | 1 |  1.5
Transmutations | 2 3 4 |  4.2
Spellcasting   | 2 |  2.8
Polearms       | |  1.7
Throwing       | |  1.0

Action                   |  1- 3 |  4- 6 |  7- 9 | 10-12 | 13-15 || total
-------------------------+-------+-------+-------+-------+-------++-------
Melee: Spear             |   102 |   212 |       |       |       ||   314
       Dagger            |       |   164 |   771 |   586 |   105 ||  1626
       Hand axe          |       |       |    71 |    44 |       ||   115
Throw: Javelin           |       |     2 |    86 |    18 |       ||   106
       Dart              |       |       |    92 |    49 |       ||   141
Invok: Line Pass         |       |       |     1 |       |       ||     1
       Stomp             |       |       |       |     4 |       ||     4
Evoke: Wand              |       |    13 |       |     6 |     2 ||    21
       Condenser vane    |       |       |       |     4 |       ||     4
  Use: Scroll            |     5 |       |     5 |     6 |       ||    16
       Potion            |     1 |     1 |     5 |     6 |     2 ||    15
 Stab: Sleeping          |     4 |     2 |     9 |    24 |    12 ||    51
       Distracted        |       |     1 |       |       |       ||     1
       Invisible         |       |       |     5 |       |       ||     5
       Confused          |       |       |     1 |     1 |       ||     2
       Paralysed         |       |       |     4 |    23 |     7 ||    34
Armor: Leather armour    |    18 |    71 |   263 |   185 |    30 ||   567
       Skin              |    41 |       |       |    31 |       ||    72
Dodge: Dodged            |    43 |   249 |   627 |   425 |    62 ||  1406

Table legend: (Time is in decaauts)
 A = Elapsed time spent in this place.
 B = Non-inter-level travel time spent in this place.
 C = Inter-level travel time spent in this place.
 D = Time resting spent in this place.
 E = Time spent auto-exploring this place.
 F = Levels seen in this place.
 G = Mean time per level.
                   A        B        C        D        E       F      G
               +--------+--------+--------+--------+--------+-----+--------+
         Total |  17705 |  17253 |    452 |   7056 |   6060 |  16 | 1106.6 |
       Dungeon |  15574 |  15174 |    400 |   6135 |   5810 |  13 | 1198.0 |
        Temple |    126 |     74 |     52 |      0 |     65 |   1 |  126.0 |
       Ossuary |   1511 |   1511 |      0 |    756 |    185 |   1 | 1511.0 |
        Bailey |    492 |    492 |      0 |    165 |      0 |   1 |  492.0 |
               +--------+--------+--------+--------+--------+-----+--------+

Top non-repeatable levels by time:
     D:7: 2691 daAuts
     D:6: 2015 daAuts
 Ossuary: 1511 daAuts
    D:13: 1405 daAuts
     D:2: 1392 daAuts
     D:9: 1266 daAuts
     D:5: 1106 daAuts
     D:4: 1010 daAuts
     D:8: 981 daAuts
    D:11: 841 daAuts
    D:10: 786 daAuts
    D:12: 771 daAuts
     D:1: 665 daAuts
     D:3: 641 daAuts
  Bailey: 492 daAuts
